General information
- name: BNet
- type: Ladder team game (AT/RT)
- host: Battle.net
- saver: sc2no.wc4yes
map: Cherryville
- players: 8
- length: 06:37
- speed: Fast
- version: 1.26 W3XP
- replay type: Public
» download(35 KB)
Players
team 1 (winner)

»
sc2no.wc4yes (
red | 53 APM | 350 actions | 06:37)
2 Goblin Tinker
1 Pocket Factory
1 Engineering Upgrade
» actions
| Assign group hotkey | 80 | |
| Basic commands | 3 | |
| Build / train | 26 | |
| ESC pressed | 1 | |
| Enter build submenu | 8 | |
| Enter hero's abilities submenu | 2 | |
| Right click | 88 | |
| Select / deselect | 61 | |
| Select group hotkey | 47 | |
| Use ability | 34 | |
350 total
» units
» buildings
| Moon Well | 3 | |
| Tree of Life | 1 | |
| Altar of Elders | 1 | |
| Ancient of War | 2 | |
7 total
» build order
00:52 Moon Well
01:22 Tree of Life
01:47 Altar of Elders
02:11 Ancient of War
02:35 Moon Well
02:50 Ancient of War
03:05 Moon Well
uZZi (
purple | 15 APM | 96 actions | 06:36)
2 Demon Hunter
1 Immolation
1 Evasion
» actions
| Build / train | 27 | |
| Enter build submenu | 8 | |
| Enter hero's abilities submenu | 2 | |
| Remove unit from queue | 1 | |
| Right click | 10 | |
| Select / deselect | 37 | |
| Use ability | 11 | |
96 total
» units
» buildings
| Altar of Elders | 1 | |
| Moon Well | 4 | |
| Ancient of War | 1 | |
| Hunter's Hall | 1 | |
| Tree of Ages | 1 | |
8 total
» build order
00:12 Altar of Elders
00:18 Moon Well
01:18 Ancient of War
01:41 Moon Well
02:39 Moon Well
03:07 Hunter's Hall
04:27 Tree of Ages
05:02 Moon Well

»
niggels (
yellow | 38 APM | 250 actions | 06:36)
2 Pit Lord
1 Howl of Terror
1 Cleaving Attack
» actions
| Basic commands | 3 | |
| Build / train | 21 | |
| Enter build submenu | 19 | |
| Enter hero's abilities submenu | 3 | |
| Right click | 88 | |
| Select / deselect | 97 | |
| Use ability | 19 | |
250 total
» units
| Acolyte | 3 | |
| Ghoul | 10 | |
| Crypt Fiend | 1 | |
14 total
» upgrades
| Unholy Armor | 1 | |
| Unholy Strength | 1 | |
2 total
» buildings
| Crypt | 1 | |
| Ziggurat | 4 | |
| Altar of Darkness | 1 | |
| Graveyard | 1 | |
| Halls of the Dead | 1 | |
| Tomb of Relics | 1 | |
| Necropolis | 1 | |
10 total
» build order
00:10 Crypt
00:17 Ziggurat
00:39 Altar of Darkness
01:05 Graveyard
02:14 Ziggurat
02:51 Halls of the Dead
03:03 Ziggurat
03:41 Tomb of Relics
04:42 Ziggurat
05:54 Necropolis
» items

»
lov_u_my_toys (
orange | 36 APM | 236 actions | 06:36)
2 Keeper of the Grove
1 Entangling Roots
1 Force of Nature
» actions
| Assign group hotkey | 11 | |
| Basic commands | 26 | |
| Build / train | 28 | |
| Enter build submenu | 10 | |
| Enter hero's abilities submenu | 2 | |
| Remove unit from queue | 1 | |
| Right click | 43 | |
| Select / deselect | 74 | |
| Select group hotkey | 25 | |
| Use ability | 16 | |
236 total
» units
» buildings
| Altar of Elders | 1 | |
| Moon Well | 3 | |
| Ancient of War | 1 | |
| Hunter's Hall | 1 | |
| Ancient of Wonders | 1 | |
| Ancient Protector | 1 | |
8 total
» build order
00:06 Altar of Elders
00:21 Moon Well
00:48 Ancient of War
01:57 Moon Well
02:25 Hunter's Hall
02:58 Ancient of Wonders
03:27 Moon Well
03:44 Ancient Protector
team 2 (loser)
AcidArrow (
teal | 45 APM | 292 actions | 06:32)
3 Priestess of the Moon
2 Trueshot Aura
1 Scout
» actions
| Assign group hotkey | 14 | |
| Basic commands | 32 | |
| Build / train | 25 | |
| Enter build submenu | 9 | |
| Enter hero's abilities submenu | 3 | |
| Right click | 44 | |
| Select / deselect | 91 | |
| Select group hotkey | 59 | |
| Use ability | 15 | |
292 total
» units
» buildings
| Moon Well | 4 | |
| Altar of Elders | 1 | |
| Ancient of War | 2 | |
| Ancient of Wonders | 1 | |
| Tree of Life | 1 | |
9 total
» build order
00:18 Moon Well
00:31 Altar of Elders
01:05 Moon Well
01:24 Ancient of War
01:53 Moon Well
02:10 Ancient of War
02:46 Moon Well
03:20 Ancient of Wonders
05:18 Tree of Life
» items
FlyIs4Eva (
pink | 75 APM | 492 actions | 06:33)
3 Blademaster
2 Wind Walk
1 Critical Strike
» actions
| Assign group hotkey | 33 | |
| Basic commands | 5 | |
| Build / train | 24 | |
| Enter build submenu | 7 | |
| Enter hero's abilities submenu | 3 | |
| Remove unit from queue | 1 | |
| Right click | 197 | |
| Select / deselect | 121 | |
| Select group hotkey | 84 | |
| Use ability | 17 | |
492 total
» units
» buildings
| Altar of Storms | 1 | |
| Orc Burrow | 3 | |
| Barracks | 1 | |
| Voodoo Lounge | 1 | |
| Stronghold | 1 | |
| War Mill | 1 | |
8 total
» build order
00:05 Altar of Storms
00:07 Orc Burrow
01:15 Barracks
01:34 Orc Burrow
01:55 Voodoo Lounge
02:24 Orc Burrow
03:27 Stronghold
03:55 War Mill
» items
| Healing Salve | 2 | |
| Scroll of Speed | 2 | |
| Potion of Healing | 1 | |
| Potion of Mana | 1 | |
6 total

»
ungodlywarrior (
blue | 23 APM | 147 actions | 06:22)
1 Dreadlord
1 Sleep
» actions
| Assign group hotkey | 3 | |
| Build / train | 17 | |
| Enter build submenu | 7 | |
| Enter hero's abilities submenu | 1 | |
| Right click | 47 | |
| Select / deselect | 46 | |
| Select group hotkey | 12 | |
| Use ability | 14 | |
147 total
» units
» buildings
| Ziggurat | 3 | |
| Graveyard | 1 | |
| Crypt | 1 | |
| Altar of Darkness | 1 | |
| Tomb of Relics | 1 | |
| Nerubian Tower | 1 | |
| Halls of the Dead | 1 | |
| Black Citadel | 1 | |
10 total
» build order
00:54 Ziggurat
00:58 Graveyard
01:06 Crypt
01:11 Altar of Darkness
01:17 Ziggurat
01:24 Tomb of Relics
02:08 Ziggurat
02:31 Nerubian Tower
03:29 Halls of the Dead
06:00 Black Citadel
» items
Sa(V)soN (
green | 22 APM | 143 actions | 06:35)
1 Blademaster
1 Wind Walk
» actions
| Build / train | 17 | |
| Enter build submenu | 9 | |
| Enter hero's abilities submenu | 1 | |
| Right click | 43 | |
| Select / deselect | 54 | |
| Use ability | 19 | |
143 total
» units
» upgrades
» buildings
| Altar of Storms | 1 | |
| Orc Burrow | 4 | |
| War Mill | 1 | |
| Voodoo Lounge | 1 | |
| Stronghold | 1 | |
| Beastiary | 2 | |
10 total
» build order
00:20 Altar of Storms
00:25 Orc Burrow
00:40 War Mill
01:04 Voodoo Lounge
02:33 Stronghold
03:19 Orc Burrow
04:04 Orc Burrow
04:35 Orc Burrow
04:59 Beastiary
05:00 Beastiary
» items
| Healing Salve | 1 | |
| Lesser Clarity Potion | 1 | |
| Scroll of Speed | 1 | |
| Boots of Speed | 1 | |
4 total
Chat log
(00:42 / Allies) sc2no.wc4yes: i have a zany idea
(01:05 / Allies) uZZi: brewmasters
(01:10 / Allies) sc2no.wc4yes: no
(01:13 / Allies) sc2no.wc4yes: im going to make a tree over there
(01:16 / Allies) sc2no.wc4yes: then eat thru the trees
(01:18 / Allies) sc2no.wc4yes: and everyone tp to it
(01:38 / Allies) sc2no.wc4yes: sound like a plan?
(01:43 / Allies) uZZi: sure
(01:49 / Allies) lov_u_my_toys: they may creep there
(01:57 / Allies) sc2no.wc4yes: its a risk i have to take
(02:02 / Allies) sc2no.wc4yes: what kind of a lame creeps that spot tho
(02:38 / Allies) sc2no.wc4yes: everyoen get lotss of tier 1
(03:40 / Allies) sc2no.wc4yes: pump tier 1 all
(03:46 / Allies) sc2no.wc4yes: im leaving if this crazy strat doesnt work
(04:04 / Allies) sc2no.wc4yes: on its way in
(04:30 / Allies) sc2no.wc4yes: EVERYONE READY?
(04:36 / Allies) niggels: YEAHBOI
(04:41 / Allies) sc2no.wc4yes: k not yet a little farther
(04:46 / Allies) sc2no.wc4yes: make sure u tp down below it
(04:49 / Allies) sc2no.wc4yes: right in his town
(04:56 / Allies) sc2no.wc4yes: OK
(04:57 / Allies) sc2no.wc4yes: READY?
(05:00 / Allies) sc2no.wc4yes: TIME TO GO
(05:04 / Allies) sc2no.wc4yes: TP NOW
(05:05 / Allies) sc2no.wc4yes: ALL
(05:19 / All) sc2no.wc4yes: sup
(06:04 / All) sc2no.wc4yes: lots of laughs
(06:12 / All) AcidArrow: yeah, typical orc techer
(06:19 / All) sc2no.wc4yes: have you guys ever seen this before?
(06:26 / All) uZZi: it sure worked
(06:29 / All) AcidArrow: gg green tech noob
(06:30 / All) sc2no.wc4yes: clan towa invented it
(06:34 / All) sc2no.wc4yes: its called "guilderbasing"